 Dungeon Crawl Stone Soup version 0.16.2-12-gd0ad4c3 (webtiles) character file.

23 Seneschal the Insei (level 3, -1/23 HPs)
             Began as an Octopode Transmuter on Sept 21, 2015.
             Slain by a giant gecko (4 damage)
             ... on level 1 of the Dungeon.
             The game lasted 00:02:20 (452 turns).

Seneschal the Insei (Octopode Transmuter)            Turns: 452, Time: 00:02:20

Health: -1/23      AC:  1    Str: 10    XL:     3   Next: 0%
Magic:  4/6        EV: 12    Int: 15    God:
Gold:   32         SH:  0    Dex: 12    Spells: 1 memorised, 5 levels left

rFire  . . .     SeeInvis .       - Unarmed
rCold  . . .     Clarity  .     (no shield)
rNeg   . . .     SustAb   .     (helmet restricted)
rPois  .         Gourm    .     (no amulet)
rElec  .         Spirit   .     (no ring)
rCorr  .         Warding  .     (no ring)
rMut   .         Stasis   .     (no ring)
MR     .....                    (no ring)
Stlth  ++........               (no ring)
                                (no ring)
                                (no ring)
                                (no ring)

@: appendage, not resistant to hostile enchantments, unstealthy
A: almost no armour, amphibious, 8 rings, constrict 8, tentacle spike 3,
camouflage 1, gelatinous body 1
a: End Transformation


You were on level 1 of the Dungeon.
You were not hungry.
One of your tentacles had a temporary spike.
You visited 1 branch of the dungeon, and saw 1 of its levels.

You collected 32 gold pieces.

Inventory:

Missiles
 b - 12 arrows
Scrolls
 e - a scroll of enchant armour {unknown}
Potions
 f - a potion of resistance {unknown}
Books
 d - a book of Changes

   Spells                             Type                      Level
   a - Beastly Appendage              Transmutation                1
   b - Sticks to Snakes               Transmutation                2
   c - Spider Form                    Transmutation/Poison         3
   d - Ice Form                       Ice/Transmutation            4
   e - Blade Hands                    Transmutation                5
Comestibles
 a - a bread ration
 c - a meat ration


   Skills:
 + Level 1.1 Fighting
 + Level 2.3 Dodging
 + Level 0.4 Stealth
 + Level 3.4 Unarmed Combat
 + Level 2.2 Spellcasting
 + Level 2.1 Transmutations


You had 5 spell levels left.
You knew the following spells:

 Your Spells              Type           Power        Failure   Level  Hunger
a - Beastly Appendage     Trmt           #.....       12%         1    #......


Dungeon Overview and Level Annotations

Branches:
Dungeon (1/15)

Altars:


Innate Abilities, Weirdness & Mutations

You cannot wear most types of armour.
You are amphibious.
You can wear up to eight rings at the same time.
You can use your tentacles to constrict many enemies at once.
Your skin changes colour to match your surroundings (Stealth).
Your rubbery body absorbs attacks (AC +1).
One of your tentacles bears a large vicious spike.


Message History

The gnoll is heavily wounded.
You constrict the gnoll. The bat hits you. The giant gecko closely misses you.
The gnoll hits you.
* * * LOW HITPOINT WARNING * * *
You completely miss the gnoll.
The gnoll is heavily wounded.
You constrict the gnoll. The giant gecko closely misses you.
The bat barely misses you. The giant gecko bites you.
* * * LOW HITPOINT WARNING * * *
The bat barely misses you.
You tentacle-slap the gnoll.
The gnoll is almost dead.
You constrict the gnoll.
You kill the gnoll!
You have reached level 3!
Your experience leads to an increase in your attributes!
Increase (S)trength, (I)ntelligence, or (D)exterity?
You feel stronger. The bat misses you. The giant gecko bites you.
You die...

#.....#... # ......#...
#.# .......... #...#
..>....... #......
...........
#>....######.......###.#
#....[...............[.
#...Kl.............#..
#....@†...........###.
#....b.............#..
#..........#..........
#..............#..<#..
#.............###.###.
##.............#...#>.
#.....................
#..........#.......#..
#..........#......###.


You could see a giant gecko, a bat and a kobold.

Vanquished Creatures
  A gnoll (D:1)
  A giant gecko (D:1)
  An ooze (D:1)
  A hobgoblin (D:1)
  2 kobolds (D:1)
  2 bats (D:1)
  A giant newt (D:1)
  A goblin (D:1)
  2 rats (D:1)
12 creatures vanquished.

Notes
Turn   | Place    | Note
--------------------------------------------------------------
     0 | D:1      | Seneschal, the Octopode Transmuter, began the quest for the Orb.
     0 | D:1      | Reached XP level 1. HP: 13/13 MP: 3/3
    80 | D:1      | Reached XP level 2. HP: 9/18 MP: 4/4
   452 | D:1      | Reached XP level 3. HP: 3/23 MP: 4/6
   452 | D:1      | Slain by a giant gecko

Action                   || total
-------------------------++-------
Melee: Unarmed           ||    37
 Cast: Beastly Appendage ||     3
 Stab: Sleeping          ||     1
